AoeStats
← Here's Jhony!

African Clearing

505759427Analyzed
4v4 RM · 21d ago on Sep 10, 2026· 49m 18s· 8 players
Game mode
Random Map
Map size
Large (8 player)
Population
200
Speed
Normal
Resources
Standard
Victory
Conquest
Starting age
Dark Age
Ending age
Imperial Age
RankedLock teamsTeams togetherTeam positionsShared explorationLock speedFull tech treeHidden civsTurbo modeCheats
Victory
Defeat
🇨🇱 Turks · Chile
1170
+15
🇧🇷 Tupi · Brazil
1100
+17
🇦🇷 Mongols · Argentina
1100
+17
🇵🇪 Portuguese · Peru
1092
+18
🇨🇴 Georgians · Colombia
1180
-19
🇨🇴 Persians · Colombia
1148
-17
🇨🇴 Byzantines · Colombia
1109
-16
🇨🇴 Hindustanis · Colombia
1093
-15
Ctrl Gio
3:56 Loom
11:58 Feudal Age
13:04 Double-Bit Axe
17:35 Forging
26:19 Castle Age
24:43 Gold Mining
26:02 Bloodlines
25:58 Scale Barding Armor
31:36 Horse Collar
34:24 Pikeman
36:09 Bow Saw
37:50 Light Cavalry
40:21 Iron Casting
43:31 Imperial Age
41:15 Husbandry
43:47 Wheelbarrow
43:36 Squires
45:15 Heavy Plow
44:47 Halberdier
45:49 Town Watch
48:13 Blast Furnace
47:56 Chain Barding Armor
47:27 Hussar
Enchiskan
7:26 Loom
15:38 Feudal Age
34:05 Castle Age
32:17 Double-Bit Axe
32:57 Scale Barding Armor
33:03 Forging
34:04 Horse Collar
37:52 Castle Age
40:56 Husbandry
41:48 Heavy Plow
44:11 Forging
Here's Jhony!
7:06 Loom
13:52 Feudal Age
15:56 Town Watch
20:30 Castle Age
19:10 Double-Bit Axe
20:18 Bloodlines
20:27 Forging
22:02 Horse Collar
23:02 Scale Barding Armor
26:01 Husbandry
29:27 Chain Barding Armor
29:43 Iron Casting
39:15 Wheelbarrow
41:37 Imperial Age
41:37 Fletching
44:11 Conscription
46:06 Chemistry
46:41 Hand Cart
46:26 Town Patrol
47:37 Blast Furnace
46:14 Light Cavalry
48:06 Hoardings
48:01 Masonry
jeibanez
13:36 Loom
16:28 Feudal Age
17:03 Double-Bit Axe
17:33 Horse Collar
22:38 Castle Age
21:20 Forging
23:57 Bloodlines
23:48 Husbandry
25:24 Gold Mining
25:42 Heavy Plow
28:43 Iron Casting
32:31 Bow Saw
34:14 Wheelbarrow
35:29 Hand Cart
35:44 Scale Barding Armor
35:12 Light Cavalry
37:55 Chain Barding Armor
38:15 Town Watch
41:54 Imperial Age
42:04 Grand Trunk Road
43:34 Gold Shaft Mining
42:26 Heavy Camel Rider
44:42 Blast Furnace
44:18 Plate Barding Armor
43:22 Siege Elephant
45:04 Conscription
45:06 Hussar
46:16 Imperial Camel Rider
El Conchetumare
4:02 Loom
14:20 Feudal Age
18:14 Castle Age
17:02 Fletching
27:47 Double-Bit Axe
35:36 Imperial Age
37:11 Wheelbarrow
37:44 Elite Janissary
40:00 Conscription
40:07 Gold Mining
40:08 Stone Mining
40:17 Bodkin Arrow
41:56 Bow Saw
41:28 Horse Collar
42:23 Sanctity
42:15 Redemption
42:56 Bracer
44:52 Two-Man Saw
43:53 Heavy Plow
45:13 Artillery
NobregaPF
13:33 Feudal Age
11:51 Loom
13:41 Feudal Age
15:14 Double-Bit Axe
18:23 Castle Age
16:18 Stone Mining
20:03 Bow Saw
24:17 Pikeman
31:36 Fletching
34:17 Padded Archer Armor
36:10 Sanctity
36:02 Bodkin Arrow
37:45 Horse Collar
39:02 Gold Mining
39:40 Scale Mail Armor
40:13 Squires
41:11 Heavy Plow
42:43 Leather Archer Armor
49:16 Imperial Age
48:22 Forging
49:18 Wheelbarrow
50:00 Iron Casting
Yield
6:02 Loom
12:37 Feudal Age
14:51 Forging
14:47 Scale Barding Armor
22:31 Castle Age
20:38 Horse Collar
20:45 Double-Bit Axe
20:51 Gold Mining
23:35 Bloodlines
24:01 Iron Casting
30:42 Chain Barding Armor
31:05 Husbandry
32:38 Sanctity
33:12 Fervor
33:00 Fletching
36:18 Wheelbarrow
36:44 Heavy Plow
36:57 Bow Saw
39:55 Hand Cart
42:51 Imperial Age
42:58 Cavalier
44:39 Blast Furnace
44:11 Crop Rotation
44:42 Two-Man Saw
43:34 Stone Mining
44:24 Block Printing
45:29 Plate Barding Armor
46:03 Conscription
Purraneta
4:21 Loom
13:20 Feudal Age
14:34 Double-Bit Axe
15:05 Fletching
15:39 Padded Archer Armor
23:15 Castle Age
23:04 Stone Mining
23:06 Gold Mining
24:11 Bow Saw
23:44 Horse Collar
25:25 Squires
28:35 Wheelbarrow
27:50 Town Watch
34:10 Scale Mail Armor
36:18 Stone Shaft Mining
39:00 Bodkin Arrow
41:47 Hand Cart
41:46 Scale Barding Armor
41:45 Heavy Plow
45:25 Imperial Age
43:16 Leather Archer Armor
44:39 Chain Barding Armor
44:22 Husbandry
44:32 Bloodlines
45:06 Thumb Ring
45:15 Masonry
46:50 Bracer
47:29 Ballistics
48:10 Chemistry
46:59 Capped Ram
48:47 Drill
48:45 Heavy Cavalry Archer
49:52 Parthian Tactics
Connection lost

Rejoining the realm…

Still unreachable

The connection could not be restored.

Session expired

The server has moved on; the page needs a fresh start.